 Dungeon Crawl Stone Soup version 0.31-a0-4-gefa6de2278 (webtiles) character file.

Game seed: 6307248726356952860

137229 2FriedEggs the Brawler (level 16, -16/165 HPs)
             Began as a Troll Delver on May 3, 2023.
             Was a High Priest of Jiyva.
             Killed from afar by a will-o-the-wisp (28 damage)
             ... with a foxfire
             ... on level 2 of the Swamp on May 4, 2023.
             The game lasted 01:15:39 (24772 turns).

2FriedEggs the Brawler (Troll Delver)              Turns: 24772, Time: 01:15:39

Health: -16/165    AC: 21    Str: 38      XL:     16   Next: 68%
Magic:  33/33      EV: 10    Int:  4      God:    Jiyva [*****.]
Gold:   1651       SH: 14    Dex:  8 (9)  Spells: 15/15 levels left

rFire   x .          .
                       - Unarmed
rCold   + . .        O - +1 tower shield {reflect}
rNeg    . . .        N - +4 troll leather armour {Snorg}
rPois   +            X - +2 hat {SInv}
rElec   .            H - +2 cloak {rPois}
rCorr   +            (gloves unavailable)
SInv    +            (boots unavailable)
Will    ++...        U - amulet of faith
Stlth   ++           F - ring of ice
HPRegen 3.51/turn    R - ring of Vueram {rPois Will+ MP+9 AC+4}
MPRegen 0.68/turn

%: reflection, clarity, faith
@: studying Throwing
A: large, unfitting armour, claws 3, regeneration 1, shaggy fur 1, tough skin 1,
clarity, strong 2, acidic bite, gelatinous body 2, tendrils, jelly sensing items
a: Renounce Religion, Oozemancy, Slimify


You were on level 2 of the Swamp.
You worshipped Jiyva.
Jiyva was extremely pleased with you.
You visited 6 branches of the dungeon, and saw 30 of its levels.
You also visited: Sewer, Bailey, Gauntlet and Ice Cave.

You collected 2182 gold pieces.
You spent 531 gold pieces at shops.

Inventory:

Missiles
 j - 36 boomerangs
 q - 7 javelins (quivered)
 y - 7 silver javelins
 G - 5 throwing nets
Armour
 v - +0 fire dragon scales
 C - +0 ice dragon scales
 H - a +2 cloak of poison resistance (worn)
 N - a +4 troll leather armour (worn) {Snorg}
 O - a +1 tower shield of reflection (worn)
 X - a +2 hat of see invisible (worn)
Jewellery
 t - a ring of positive energy
 F - a ring of ice (left claw)
 R - the ring of Vueram (right claw) {rPois Will+ MP+9 AC+4}
   (You bought it in a shop on level 2 of the Orcish Mines)

   [ring of protection]

   AC:        It affects your AC (+4).
   rPois:     It protects you from poison.
   MP:        It affects your magic capacity (+9).
   Will:      It increases your willpower.
 U - an amulet of faith (around neck)
 W - a ring of fire
 Z - the dreamshard necklace {*Dream Drain}
   (You found it on level 5 of the Lair of Beasts)

   [amulet of nothing]

   *Dream:    It shatters if its wearer takes lethal or near-lethal damage,
   preventing the blow and releasing protective dreams that heal and fight for
   the wearer.
   Drain:     It drains your maximum health when unequipped.
Wands
 f - a wand of digging (2)
 s - a wand of quicksilver (5)
 B - a wand of polymorph (7)
 E - a wand of iceblast (25)
 I - a wand of mindburst (38)
 J - a wand of flame (110)
 V - a wand of paralysis (4)
Scrolls
 a - 3 scrolls of immolation
 b - 3 scrolls of fog
 c - 4 scrolls of magic mapping
 d - 2 scrolls of fear
 g - 2 scrolls of summoning
 n - 6 scrolls of teleportation
 p - 3 scrolls of silence
 D - 2 scrolls of blinking
 K - 3 scrolls of poison
Potions
 e - 3 potions of haste
 h - 2 potions of resistance
 i - 2 potions of mutation
 l - 10 potions of heal wounds
 m - 3 potions of ambrosia
 o - 14 potions of curing
 w - 7 potions of might
 x - a potion of flight
 z - 4 potions of lignification {unknown}
 A - 3 potions of invisibility {unknown}
 L - a potion of berserk rage {unknown}
 P - 5 potions of magic
 T - a potion of cancellation
Miscellaneous
 k - a phantom mirror (inert)
 u - a box of beasts
 M - a phial of floods
 Q - a condenser vane
 S - a lightning rod (4/4)
 Y - a piece from Xom's chessboard (15/15)


   Skills:
 - Level 11.9 Fighting
 - Level 7.5 Throwing
 - Level 4.0 Armour
 - Level 4.4 Dodging
 - Level 2.7 Stealth
 + Level 7.4 Shields
 * Level 20.4 Unarmed Combat
 - Level 13.0 Invocations


You had 15 spell levels left.
You didn't know any spells.
Your spell library contained the following spells:

 Spells                   Type           Power      Damage    Failure   Level
 Apportation              Tloc           0%         N/A       86%         1
 Beastly Appendage        Tmut           0%         N/A       86%         1
 Magic Dart               Conj           0%         1d3       86%         1
 Necrotise                Necr           0%         1d4       86%         1
 Sandblast                Erth           0%         2d4       86%         1
 Shock                    Conj/Air       0%         1d3       86%         1
 Summon Small Mammal      Summ           0%         N/A       86%         1
 Call Imp                 Summ           0%         N/A       94%         2
 Lesser Beckoning         Tloc           0%         N/A       94%         2
 Sublimation of Blood     Necr           0%         N/A       94%         2
 Call Canine Familiar     Summ           0%         N/A       99%         3
 Gell's Gravitas          Tloc           0%         N/A       99%         3
 Mephitic Cloud           Conj/Pois/Air  0%         N/A       99%         3
 Ozocubu's Armour         Ice            0%         N/A       99%         3
 Portal Projectile        Hex/Tloc       0%         N/A       99%         3
 Summon Guardian Golem    Hex/Summ       0%         N/A       99%         3
 Swiftness                Air            0%         N/A       99%         3
 Teleport Other           Tloc           0%         N/A       99%         3
 Airstrike                Air            0%         2d(0-16)  100%        4
 Leda's Liquefaction      Hex/Erth       0%         N/A       100%        4
 Passage of Golubria      Tloc           0%         N/A       100%        4
 Petrify                  Tmut/Erth      0%         N/A       100%        4
 Irradiate                Conj/Tmut      0%         3d11      100%        5
 Silence                  Hex/Air        0%         N/A       100%        5
 Dispersal                Tloc           0%         N/A       100%        6
 Ozocubu's Refrigeration  Ice            0%         4d7       100%        7
 Lehudib's Crystal Spear  Conj/Erth      0%         10d2      100%        8


Dungeon Overview and Level Annotations

Branches:
Dungeon (15/15)            Temple (1/1) D:4            Lair (5/5) D:10
  Swamp (2/4) Lair:2        Snake (0/4) Lair:2        Slime (5/5) Lair:5
    Orc (2/2) D:9             Elf (0/3) Orc:2        Vaults (0/5) D:14
 Depths (0/4) D:15          Sewer (visited)          Bailey (visited)
  IceCv (visited)         Gauntlet (visited)

Altars:
Ashenzari
Cheibriados
Dithmenos
Elyvilon
Fedhas
Gozag
Hepliaklqana
Kikubaaqudgha
Makhleb
Nemelex Xobeh
Okawaru
Qazlal
Ru
Sif Muna
Trog
Uskayaw
Vehumet
Wu Jian
Xom
Yredelemnul
Zin
The Shining One
Jiyva

Shops:
D:5 *   D:6 (   Orc:2 [***

Annotations:
Lair:2 exclusion: 2 oklob plants


Innate Abilities, Weirdness & Mutations

You are too large for most types of armour.
You have claws for hands.
Your natural rate of healing is unusually fast.
You are covered in fur. (AC +1)
You have tough skin. (AC +1)
You possess an exceptional clarity of mind.
Your muscles are very strong. (Str +8, Int/Dex -2)
You have acidic saliva.
Your pliable body absorbs attacks. (AC +2, EV +2)
You are covered in slimy tendrils that may disarm your opponents.
You have a small jelly attached to you that senses nearby items.


Message History

The eight-headed hydra barely misses you.
You block the eight-headed hydra's attack.
The eight-headed hydra bites you. The eight-headed hydra bites you!
You block the eight-headed hydra's attack.
The eight-headed hydra bites you but does no damage. x2
Okay, then.
As you read the scroll of fear, it crumbles to dust.
You assume a fearsome visage.
The eight-headed hydra looks frightened!
The will-o-the-wisp is unaffected.
Unknown command.
The will-o-the-wisp gestures.
The will-o-the-wisp conjures some foxfire! 2 foxfires come into view.
The will-o-the-wisp blinks!
You enter the shallow water.
The foxfire hits you!! The fire burns you terribly!
* * * LOW HITPOINT WARNING * * *
The foxfire hits you!! The fire burns you terribly!
* * * LOW HITPOINT WARNING * * *
The will-o-the-wisp gestures.
The will-o-the-wisp conjures some foxfire! 2 foxfires come into view.
Blink to where?
Press: ? - help, Dir - move target
As you read the scroll of blinking, it crumbles to dust.
The will-o-the-wisp gestures.
The will-o-the-wisp conjures some foxfire!
The foxfire hits you but does no damage. 2 foxfires come into view.
You feel much better. The foxfire hits you!! The fire burns you terribly!
* * * LOW HITPOINT WARNING * * *
The will-o-the-wisp gestures.
The will-o-the-wisp conjures some foxfire! 2 foxfires come into view.
Unknown command.
The foxfire hits you!! The fire burns you terribly!
* * * LOW HITPOINT WARNING * * *
The foxfire hits you!! The fire burns you terribly!
You die...

~~~~~~ ♣♣♣♣♣.~~~§^..
♣..~♣.~~~... .
#..~..~~... ♣.
♣~~~~....~[
♣♣~♣#♣♣#♣♣#~~~....~~~
..~§.~~~~~.~...§~~~~♣
.~~~~~~~~!~.~~~~.♣
♣.~~~D~~~~..§§vv@♣
♣.~~~§§~~~§§§§v§♣♣
..~~~~~~~~v§♣~.♣♣
..~~~~~~~§§.♣♣♣♣
~~~~~~~~§~.~♣
...~~~~§~.~♣♣
..<..~§§~..) ∆
~♣♣♣..§~~~~~~
♣♣~.~~~~~.


You could see a will-o-the-wisp.

Vanquished Creatures
  A thorn hunter (Swamp:1)
  4 frost giants (IceCv)
  Nessos (D:14)
  An eleionoma (Swamp:1)
  A white draconian (IceCv)
  Azrael (D:14)
  2 bunyips (Swamp:1)
  A minotaur (Gauntlet)
  Snorg (D:14)
  Josephine (D:11)
  A fire dragon (D:15)
  Fannar (D:11)
  6 hydras
  5 ice dragons
  2 ogre magi
  4 vault guards (D:14)
  8 ironbound frosthearts (IceCv)
  14 two-headed ogres
  4 centaur warriors
  4 boulder beetles
  2 tengu warriors (D:15)
  An alligator (Swamp:1)
  11 death yaks
  4 orc high priests (Orc:2)
  Urug (D:10)
  2 deep elf knights (D:14)
  A skeletal warrior (D:15)
  3 skysharks
  Nergalle (Lair:1)
  Lodul (D:10)
  3 goliath frogs
  2 bog bodies (Swamp:1)
  An orange crystal statue (IceCv)
  A lindwurm (Lair:3)
  5 orc knights
  2 large abominations (Gauntlet)
  8 cyclopes
  A deep elf zephyrmancer (D:11)
  A wolf spider zombie (D:12)
  10 ugly things
  A deep elf pyromancer (D:11)
  5 orc sorcerers
  A will-o-the-wisp (Swamp:1)
  3 manticores
  12 elephants
  2 centaur zombies (D:12)
  Joseph (D:9)
  4 black mambas
  2 torpor snails
  2 unseen horrors
  A molten gargoyle (D:15)
  Psyche (D:8)
  18 cane toads
  2 gargoyles (D:12)
  10 rime drakes
  2 freezing wraiths (Swamp:1)
  An efreet (Gauntlet)
  3 yaktaurs (D:13)
  4 komodo dragons
  6 meliai (D:15)
  4 red devils (D:12)
  6 trolls
  2 tengu conjurers (D:14)
  4 hornets
  14 polar bears
  4 tyrant leeches
  A polar bear (shapeshifter) (D:15)
  Grinder (D:3)
  11 dream sheep
  11 blink frogs
  A spectral dream sheep (Gauntlet)
  4 shadows
  3 wyverns
  3 vampires (D:12)
  4 small abominations (Gauntlet)
  7 wraiths
  7 spriggans
  55 yaks
  5 fire elementals
  2 basilisks
  3 steam dragons
  Grum (D:9)
  10 vampire mosquitoes
  6 swamp worms
  2 acid dragons
  7 hell hounds
  11 water moccasins
  A swamp drake (D:11)
  6 black bears
  21 orc warriors
  2 sky beasts
  31 ogres
  Pargi (Sewer)
  8 wolves
  6 centaurs
  A phantom (D:6)
  2 kobold brigands
  19 bullfrogs
  3 scorpions
  10 wights
  19 killer bees
  2 howler monkeys
  2 electric eels
  A crimson imp (D:11)
  A jelly (D:4)
  13 orc priests
  2 hounds (D:5)
  An iron imp (D:11)
  Jessica (D:2)
  A sleepcap (D:7)
  Crazy Yiuf (D:2)
  Ijyb (D:3)
  7 gnoll boudas
  A hell rat (D:10)
  29 orc wizards
  25 gnolls
  9 adders
  A river rat (D:10)
  A shadow imp (D:11)
  2 white imps
  4 ufetubi
  2 dart slugs
  63 orcs
  8 bats
  6 endoplasms
  7 giant cockroaches
  9 goblins
  5 hobgoblins
  20 kobolds
  3 quokkas
  8 ball pythons
  3 frilled lizards
  11 rats
774 creatures vanquished.

Vanquished Creatures (collateral kills)
  Mlioglotl (Swamp:1)
  A catoblepas (Lair:1)
  Sonja (Orc:1)
  A vampire mosquito (Swamp:1)
  An orc warrior (Orc:1)
  An orc (Orc:1)
6 creatures vanquished.

Vanquished Creatures (others)
  2 elephants (Lair:5)
  2 yaktaurs (D:13)
  A kobold demonologist (D:13)
  3 bloated husks (Swamp:1)
  An orc warrior (Orc:2)
  31 jellies
  An orc wizard (Orc:2)
  A boggart zombie (D:12)
  8 orcs
  3 briar patches (Swamp:1)
  A bush (Lair:3)
  13 foxfires (Swamp:2)
  55 fungi
  144 plants
  3 withered plants (D:12)
269 creatures vanquished.

Grand Total: 1049 creatures vanquished

Notes
Turn   | Place    | Note
-------+----------+-------------------------------------------
     0 | D:5      | 2FriedEggs the Troll Delver began the quest for the Orb.
     0 | D:5      | Reached XP level 1. HP: 22/22 MP: 0/0
     7 | D:5      | Found a glowing drain.
    14 | D:5      | Noticed a black bear
    22 | Sewer    | Entered a sewer
    96 | Sewer    | Noticed Pargi
   126 | Sewer    | Reached XP level 2. HP: 13/29 MP: 1/1
   212 | Sewer    | Killed Pargi
   213 | Sewer    | Reached skill level 4 in Unarmed Combat
   213 | Sewer    | Reached XP level 3. HP: 19/37 MP: 2/2
   213 | Sewer    | Reached XP level 4. HP: 24/45 MP: 3/3
   301 | D:4      | Noticed a scorpion
   525 | D:4      | Noticed an ogre
   541 | D:4      | Reached XP level 5. HP: 45/53 MP: 4/4
   548 | D:4      | Killed an ogre
   549 | D:4      | Reached skill level 5 in Unarmed Combat
   637 | D:4      | Found a staircase to the Ecumenical Temple.
   965 | D:2      | Noticed Jessica
   970 | D:2      | Killed Jessica
   971 | D:2      | Reached XP level 6. HP: 62/62 MP: 5/5
  2037 | D:2      | Identified the +0 leather armour of the Were-rabbit {Fly
                  | rF+++ Will- Int-3}
  2082 | D:2      | Found a faded altar of an unknown god.
  2544 | D:2      | Found a runed translucent door.
  2545 | D:2      | Noticed Crazy Yiuf
  2553 | D:2      | Killed Crazy Yiuf
  2622 | D:3      | Noticed Grinder
  2630 | D:3      | Paralysed by Grinder for 2 turns
  2636 | D:3      | Killed Grinder
  2637 | D:3      | Reached skill level 6 in Unarmed Combat
  2637 | D:3      | Reached XP level 7. HP: 27/70 MP: 6/6
  2779 | D:3      | Found a basalt altar of Yredelemnul.
  3377 | D:3      | Noticed Ijyb
  3381 | D:3      | Killed Ijyb
  3743 | D:4      | Found a snail-covered altar of Cheibriados.
  3997 | D:4      | Reached skill level 7 in Unarmed Combat
  4020 | D:5      | Found Hipnecil's General Store.
  4224 | D:5      | Reached skill level 5 in Fighting
  4224 | D:5      | Reached XP level 8. HP: 70/80 MP: 7/7
  4293 | D:5      | Reached skill level 8 in Unarmed Combat
  4393 | D:5      | Found a blossoming altar of Fedhas.
  4442 | D:5      | Found a burning altar of Makhleb.
  4585 | D:6      | Found Aleij's Weapon Shoppe.
  4618 | D:6      | Reached skill level 9 in Unarmed Combat
  4788 | D:6      | Found an iron altar of Okawaru.
  5106 | D:6      | Found an ornate altar of the Wu Jian Council.
  5286 | D:7      | Reached XP level 9. HP: 57/84 MP: 8/8
  5387 | D:7      | Reached skill level 10 in Unarmed Combat
  5472 | D:7      | Found an ancient bone altar of Kikubaaqudgha.
  5795 | D:7      | Found a shimmering blue altar of Sif Muna.
  5928 | D:7      | Got Sif Muna's Almanac of the Discharge
  5930 | D:7      | Got Sif Muna's Folio of Reconstruction
  5933 | D:7      | Got Sif Muna's Volume of the Rocks
  6077 | D:8      | Noticed Psyche
  6082 | D:8      | Found a sparkling altar of Nemelex Xobeh.
  6088 | D:8      | Killed Psyche
  6089 | D:8      | Reached skill level 11 in Unarmed Combat
  6314 | D:8      | Found a stormy altar of Qazlal.
  6476 | D:8      | Noticed a troll
  6480 | D:8      | Killed a troll
  6815 | D:9      | Reached XP level 10. HP: 95/102 MP: 9/9
  6819 | D:9      | Reached skill level 12 in Unarmed Combat
  6916 | D:9      | Found a staircase to the Orcish Mines.
  6928 | D:9      | Found a flagged portal.
  6934 | Bailey   | Entered a bailey
  7021 | Bailey   | Noticed a two-headed ogre
  7046 | Bailey   | Killed a two-headed ogre
  7047 | Bailey   | Reached skill level 13 in Unarmed Combat
  7306 | D:9      | Noticed Joseph
  7319 | D:9      | Killed Joseph
  7435 | D:9      | Noticed Grum
  7440 | D:9      | Killed Grum
  7772 | D:10     | Entered Level 10 of the Dungeon
  7785 | D:10     | Identified a scroll of acquirement
  7844 | D:10     | Reached XP level 11. HP: 95/113 MP: 10/10
  7861 | D:10     | Found a staircase to the Lair.
  7861 | D:10     | Noticed a death yak
  7882 | D:10     | Noticed a two-headed ogre
  7896 | D:10     | Killed a two-headed ogre
  7897 | D:10     | Reached skill level 14 in Unarmed Combat
  7900 | D:10     | Noticed a death yak
  7902 | D:10     | Noticed a death yak
  7908 | D:9      | Killed a death yak
  8349 | D:10     | Killed a death yak
  8375 | D:10     | Killed a death yak
  8586 | Temple   | Entered the Ecumenical Temple
  8624 | Temple   | Became a worshipper of Elyvilon the Healer
  8735 | D:11     | Noticed Josephine
  8770 | D:10     | Reached skill level 15 in Unarmed Combat
  8790 | D:10     | Noticed Urug
  8798 | D:10     | Killed Urug
  8912 | D:10     | Noticed Lodul
  8927 | D:10     | Killed Lodul
  9056 | D:10     | Found a sacrificial altar of Ru.
  9248 | Lair:1   | Entered Level 1 of the Lair of Beasts
  9248 | Lair:1   | Noticed a catoblepas
  9248 | Lair:1   | Noticed a skyshark
  9261 | Lair:1   | Killed a skyshark
  9267 | Lair:1   | Killed a catoblepas
  9351 | Lair:1   | Reached * piety under Elyvilon
  9446 | Lair:1   | Noticed Nergalle
  9742 | Lair:1   | Reached XP level 12. HP: 101/126 MP: 13/13
  9861 | Lair:1   | Found a burning altar of Makhleb.
 10427 | Lair:2   | Reached ** piety under Elyvilon
 10460 | Lair:2   | Found a staircase to the Swamp.
 10541 | Lair:2   | Reached skill level 5 in Invocations
 10579 | Lair:2   | Found a staircase to the Snake Pit.
 10973 | Lair:2   | Found a blossoming altar of Fedhas.
 11269 | Lair:3   | Noticed an eight-headed hydra
 11283 | Lair:3   | Noticed a six-headed hydra
 11287 | Lair:3   | Noticed a death yak
 11287 | Lair:3   | Noticed a death yak
 11330 | Lair:3   | Noticed a death yak
 11335 | Lair:3   | Killed a death yak
 11339 | Lair:3   | Killed a death yak
 11340 | Lair:3   | Reached skill level 10 in Fighting
 11340 | Lair:3   | Killed a death yak
 11341 | Lair:3   | Reached skill level 16 in Unarmed Combat
 11374 | Lair:3   | Acquired a manual of Throwing
 11386 | Lair:3   | Noticed a seven-headed hydra
 11410 | Lair:3   | Reached skill level 1 in Throwing
 11420 | Lair:3   | Reached *** piety under Elyvilon
 11707 | Lair:3   | Reached skill level 5 in Throwing
 11727 | Lair:2   | Killed an eight-headed hydra
 12114 | Lair:3   | Killed a seven-headed hydra
 12176 | Lair:3   | Reached XP level 13. HP: 133/133 MP: 17/17
 12805 | Lair:3   | Identified the +0 flail of Rijo {spect, rN+}
 13128 | Lair:4   | Reached skill level 17 in Unarmed Combat
 13177 | Lair:4   | Reached **** piety under Elyvilon
 13803 | Lair:5   | Entered Level 5 of the Lair of Beasts
 14021 | Lair:5   | Reached ***** piety under Elyvilon
 14338 | Lair:5   | Found a viscous altar of Jiyva.
 14338 | Lair:5   | Found a staircase to the Slime Pits.
 14390 | Lair:5   | Reached skill level 18 in Unarmed Combat
 14625 | Lair:5   | Reached XP level 14. HP: 109/146 MP: 19/19
 14782 | Lair:5   | HP: 7/146 [yak (7)]
 14949 | Lair:5   | Found the dreamshard necklace {*Dream Drain}
 15280 | Lair:5   | Reached skill level 10 in Invocations
 15669 | Lair:1   | Killed Nergalle
 15813 | Lair:5   | Fell from the grace of Elyvilon
 15813 | Lair:5   | Became a worshipper of Jiyva Jese the Shapeless
 16348 | D:11     | Killed Josephine
 16619 | D:11     | Noticed Fannar
 16630 | D:11     | Killed Fannar
 16735 | D:11     | Reached * piety under Jiyva
 17280 | D:12     | Reached ** piety under Jiyva
 17672 | D:12     | Reached *** piety under Jiyva
 18765 | D:13     | Reached XP level 15. HP: 47/154 MP: 23/23
 18836 | D:13     | Gained mutation: You have acidic saliva. [Jiyva's grace]
 18836 | D:13     | Gained mutation: You possess an exceptional clarity of
                  | mind. [Jiyva's grace]
 18836 | D:13     | Gained mutation: You are covered in slimy tendrils that may
                  | disarm your opponents. [Jiyva's grace]
 18836 | D:13     | Gained mutation: You have a small jelly attached to you
                  | that may absorb projectiles. [Jiyva's grace]
 19206 | D:14     | Found a gate leading to a gauntlet.
 19206 | D:14     | Noticed Nessos
 19212 | D:14     | Killed Nessos
 19219 | Gauntlet | Entered a Gauntlet
 19219 | Gauntlet | Found a transporter.
 19219 | Gauntlet | Found a transporter.
 19219 | Gauntlet | Found a runed translucent door.
 19219 | Gauntlet | Found a runed translucent door.
 19221 | Gauntlet | Found a transporter.
 19222 | Gauntlet | Found the +7 mace of Variability {chaos, chaos arc}
 19235 | Gauntlet | Found a transporter.
 19253 | Gauntlet | Found a transporter.
 19253 | Gauntlet | Found a transporter.
 19255 | Gauntlet | Found a transporter.
 19255 | Gauntlet | Reached **** piety under Jiyva
 19255 | Gauntlet | Found a transporter.
 19267 | Gauntlet | Found a transporter.
 19282 | Gauntlet | Found a runed translucent gate.
 19283 | Gauntlet | Found a transporter.
 19283 | Gauntlet | Found a runed translucent gate.
 19284 | Gauntlet | Found a runed translucent gate.
 19292 | Gauntlet | Found a transporter.
 19296 | Gauntlet | Found a runed translucent door.
 19310 | Gauntlet | Found a transporter.
 19327 | Gauntlet | Found a transporter.
 19342 | Gauntlet | Found a transporter.
 19603 | Gauntlet | Identified the ring of Basinih {Str+3 SInv}
 19695 | D:14     | Noticed Snorg
 19702 | D:14     | Killed Snorg
 19805 | D:14     | Noticed Azrael
 19821 | D:14     | Killed Azrael
 20034 | D:14     | Found a glowing golden altar of the Shining One.
 20084 | D:14     | Reached ***** piety under Jiyva
 20170 | D:14     | Gained mutation: Your rubbery body absorbs attacks. (AC +1,
                  | EV +1) [Jiyva's grace]
 20170 | D:14     | Gained mutation: Your pliable body absorbs attacks. (AC +2,
                  | EV +2) [Jiyva's grace]
 20170 | D:14     | Gained mutation: Your gelatinous body deflects attacks. (AC
                  | +3, EV +3) [Jiyva's grace]
 20170 | D:14     | Gained mutation: You have a small jelly attached to you
                  | that senses nearby items. [Jiyva's grace]
 20244 | D:14     | Reached skill level 19 in Unarmed Combat
 20275 | D:14     | Found a gate to the Vaults.
 20303 | D:14     | Reached skill level 1 in Armour
 20692 | D:15     | Entered Level 15 of the Dungeon
 21104 | D:15     | Lost mutation: You possess an exceptional clarity of mind.
                  | [potion of mutation]
 21104 | D:15     | Lost mutation: You are covered in slimy tendrils that may
                  | disarm your opponents. [potion of mutation]
 21104 | D:15     | Gained mutation: Your flesh is cold resistant. (rC+)
                  | [potion of mutation]
 21104 | D:15     | Gained mutation: You have a pair of small antennae on your
                  | head. [potion of mutation]
 21117 | D:15     | Found a staircase to the Depths.
 21561 | D:15     | Paralysed by a spriggan for 3 turns
 21589 | D:15     | Found a faded altar of an unknown god.
 21592 | D:15     | Found a hazy altar of Hepliaklqana.
 21778 | D:5      | Bought a scroll of teleportation for 36 gold pieces
 21778 | D:5      | Bought a potion of haste for 120 gold pieces
 21880 | Orc:1    | Entered Level 1 of the Orcish Mines
 21903 | Orc:1    | Reached skill level 1 in Shields
 22013 | Orc:2    | Entered Level 2 of the Orcish Mines
 22049 | Orc:2    | Found a staircase to the Elven Halls.
 22339 | Orc:2    | Lost mutation: You have a pair of small antennae on your
                  | head. [Jiyva's grace]
 22339 | Orc:2    | Lost mutation: Your flesh is cold resistant. (rC+) [Jiyva's
                  | grace]
 22339 | Orc:2    | Lost mutation: Your gelatinous body deflects attacks. (AC
                  | +3, EV +3) [Jiyva's grace]
 22339 | Orc:2    | Lost mutation: You have a small jelly attached to you that
                  | may absorb projectiles. [Jiyva's grace]
 22339 | Orc:2    | Gained mutation: Your muscles are strong. (Str +4, Int/Dex
                  | -1) [Jiyva's grace]
 22339 | Orc:2    | Gained mutation: Your muscles are very strong. (Str +8,
                  | Int/Dex -2) [Jiyva's grace]
 22339 | Orc:2    | Gained mutation: You are covered in slimy tendrils that may
                  | disarm your opponents. [Jiyva's grace]
 22339 | Orc:2    | Gained mutation: You possess an exceptional clarity of
                  | mind. [Jiyva's grace]
 22492 | Orc:2    | Paralysed by an orc sorcerer for 5 turns
 22499 | Orc:2    | Reached XP level 16. HP: 113/165 MP: 24/24
 22499 | Orc:2    | Found Aberini's Assorted Antiques.
 22499 | Orc:2    | Found Zaeluusk's Antique Armour Emporium.
 22517 | Orc:2    | Found Muffu's Assorted Antiques.
 22517 | Orc:2    | Found Uruodeeb's Assorted Antiques.
 22528 | Orc:2    | Bought a translucent ivory ring for 150 gold pieces
 22528 | Orc:2    | Identified the ring of Vueram {rPois Will+ MP+9 AC+4} (You
                  | bought it in a shop on level 2 of the Orcish Mines)
 22531 | Orc:2    | Bought a runed cloak for 225 gold pieces
 22650 | Orc:1    | Noticed Sonja
 22662 | Orc:1    | Killed Sonja
 22663 | Orc:1    | Reached skill level 5 in Shields
 23074 | Swamp:1  | Entered Level 1 of the Swamp
 23096 | Swamp:1  | Noticed Mlioglotl
 23106 | Swamp:1  | Killed Mlioglotl
 23114 | Swamp:1  | Noticed a thorn hunter
 23132 | Swamp:1  | Killed a thorn hunter
 23252 | Swamp:1  | Found a frozen archway.
 23271 | IceCv    | Entered an ice cave
 23715 | IceCv    | Reached skill level 20 in Unarmed Combat
 24067 | Swamp:1  | Noticed Aizul
 24083 | Swamp:1  | Slimified Aizul
 24083 | Swamp:1  | Aizul changed into Aizul the slime creature
 24083 | Swamp:1  | Noticed Aizul
 24519 | Slime:1  | Entered Level 1 of the Pits of Slime
 24541 | Slime:3  | Noticed an acid blob
 24553 | Slime:5  | Entered Level 5 of the Pits of Slime
 24563 | Slime:5  | Noticed an acid blob
 24572 | Slime:5  | Found a viscous altar of Jiyva.
 24573 | Slime:5  | Noticed an acid blob
 24574 | Slime:5  | Noticed an acid blob
 24575 | Slime:5  | Found the +10 tower shield of Ignorance {rN+ Int-4}
 24576 | Slime:5  | Noticed an acid blob
 24577 | Slime:5  | Found the +10 dark maul {heavy}
 24772 | Swamp:2  | Killed from afar by a will-o-the-wisp

Illustrated notes

Levels and vault maps discovered:
D:1:      scummos_arrival_checkerplants, layout_basic, minmay_vboxes
D:2:      layout_basic, nicolae_ecumenical_oubliette, minmay_misc_feat_alley,
          uniq_crazy_yiuf_cottage, uniq_jessica
D:3:      layout_basic, yredelemnul_altar_generic, grunt_ministairs_4,
          minmay_circle_x, uniq_grinder, uniq_ijyb
D:4:      layout_loops_ring, cheibriados_altar_1,
          minmay_temple_entry_from_below_b, grunt_ministairs_5
D:5:      layout_rooms, mainiacjoe_overflow_alcove_1, fedhas_altar_3,
          cheibrodos_sewer_entry_drain, serial_shops, nicolae_stop_n_shop_1
D:6:      layout_loops_ring, okawaru_gym_becter, marbit_many_paths,
          serial_shops, shop, grunt_decor_one_mirror,
          amcnicky_mini_corridor_feature
D:7:      layout_basic, nicolae_sif_muna_little_library,
          nicolae_kikubaaqudgha_miasma_corner
D:8:      layout_basic, old_standard_altar, lemuel_doored_altar, uniq_psyche
D:9:      layout_rooms, orc_0_dummy, enter_bailey_3,
          dreamdust_princess_corridor, chequers_serial_rivers_micro_b,
          uniq_grum, uniq_joseph
D:10:     layout_long_grid, nicolae_ru_path_of_blood, dpeg_lair_monsters,
          uniq_urug, uniq_lodul
D:11:     layout_loops_ring, hangedman_minor_magic, uniq_fannar, uniq_josephine
D:12:     kennysheep_seaside_town, layout_long_grid, serial_undead,
          serial_undead_c, serial_undead_d, serial_undead_e, serial_undead_c,
          einodemon_armed_red_devil_minivault
D:13:     layout_rooms, lightli_fourway_metalbox
D:14:     layout_roguey, grunt_vaults_entry_fortified,
          nicolae_tso_swordbearing_angel, gauntlet_entry_generic,
          chequers_serial_rivers_micro_e, minmay_microvault, uniq_nessos,
          uniq_snorg, uniq_azrael
D:15:     grunt_enter_depths_hoard, layout_long_grid, abandoned_shop,
          beargit_hepliaklqana_dungeon_heroes
Temple:   nicolae_temple_ecumenical_triangle
Lair:1:   layout_concentric_octagons, basic_altar, uniq_nergalle
Lair:2:   layout_gridlike, swamp_mist_pool, minmay_snake_entry_six_corridors,
          hangedman_tree_tricks, minmay_hedge_maze, lemuel_fruit_tree
Lair:3:   cheibrodos_lair_overgrown_chateau, layout_small_grid
Lair:4:   layout_gridlike, serial_bayou_shore_b
Lair:5:   minmay_lair_end_frog_pond, layout_regular_city,
          dpeg_slime_entry_corner
Swamp:1:  layout_falls_marsh, portal_ice_cave_entry_frozen_things,
          nicolae_swamp_rocky_clearing, uniq_aizul, uniq_mlioglotl
Swamp:2:  nzn_winding_woodlands_three_and_one [nzn_winding_woodlands_5x15_pool,
          nzn_winding_woodlands_5x15_eye,
          nzn_winding_woodlands_5x15_pathside_ponds,
          nzn_winding_woodlands_center_diamonds], layout_basic_swamp,
          nicolae_swamp_very_dense_foliage, swamp_pool4, uniq_kirke
Slime:1:  layout_caves
Slime:2:  layout_caves
Slime:3:  layout_caves
Slime:4:  layout_caves, cheibrodos_slime_lost_civilization_4
Slime:5
Orc:1:    layout_caves, uniq_sonja
Orc:2:    grunt_orc_tribal_feast, layout_caves, basic_altar, bh_open_orc_temple

Skill      XL: |  1  2  3  4  5  6  7  8  9 10 11 12 13 14 15 16 |
---------------+-------------------------------------------------+-----
Fighting       | 3 4 5 6 7 8 9 10 11 | 11.9
Unarmed Combat | 4 5 6 7 9 11 13 15 16 18 19 20 | 20.4
Invocations    | 3 7 8 13 | 13.0
Throwing       | 7 |  7.5
Armour         | 4 |  4.0
Dodging        | 4 |  4.4
Shields        | 4 7 |  7.4
Stealth        | |  2.7

Action                     |  1- 3 |  4- 6 |  7- 9 | 10-12 | 13-15 | 16-18 || total
---------------------------+-------+-------+-------+-------+-------+-------++-------
  Melee: Unarmed           |    28 |   151 |   303 |   436 |  1034 |   282 ||  2234
         Punch             |       |     6 |    14 |    42 |   112 |       ||   174
         Bite              |       |       |       |       |    47 |    38 ||    85
  Throw: Stone             |       |     5 |       |       |       |       ||     5
         Javelin           |       |     2 |       |    19 |    60 |     1 ||    82
         Boomerang         |       |       |       |     3 |       |       ||     3
 Invoke: Heal Self         |       |       |       |     2 |     1 |       ||     3
         Heal Other        |       |       |       |       |     6 |       ||     6
         Oozemancy         |       |       |       |       |     5 |     2 ||     7
         Slimify           |       |       |       |       |       |     1 ||     1
  Evoke: Wand              |       |       |     1 |    10 |     2 |       ||    13
         Lightning rod     |       |       |       |     7 |     1 |     4 ||    12
         Phantom mirror    |       |       |       |       |       |     1 ||     1
         Condenser vane    |       |       |       |       |       |     1 ||     1
    Use: Scroll            |     1 |       |     9 |    12 |    17 |     4 ||    43
         Potion            |     1 |     2 |       |     1 |     9 |     3 ||    16
   Stab: Sleeping          |     3 |    11 |    12 |     2 |     6 |       ||    34
         Distracted        |       |       |       |     4 |       |     1 ||     5
         Petrified         |       |       |       |     3 |       |       ||     3
         Paralysed         |       |       |       |       |     1 |       ||     1
 Armour: Robe              |    11 |    48 |   115 |       |       |       ||   174
         Troll leather arm |       |       |    19 |   173 |   459 |   109 ||   760
         Ice dragon scales |       |       |       |       |       |    36 ||    36
  Dodge: Dodged            |    12 |    54 |   148 |   158 |   485 |   109 ||   966
  Block: Tower shield      |       |       |       |       |       |   183 ||   183
         Reflection        |       |       |       |       |       |     3 ||     3

Table legend: (Time is in decaauts)
 A = Elapsed time spent in this place.
 B = Non-inter-level travel time spent in this place.
 C = Inter-level travel time spent in this place.
 D = Time resting spent in this place.
 E = Time spent auto-exploring this place.
 F = Levels seen in this place.
 G = Mean time per level.
                   A        B        C        D        E       F      G
               +--------+--------+--------+--------+--------+-----+--------+
         Total |  24236 |  21541 |   2695 |   1380 |  13060 |  34 |  712.8 |
       Dungeon |  13680 |  12322 |   1358 |    614 |   8198 |  15 |  912.0 |
        Temple |     51 |     39 |     12 |      0 |     18 |   1 |   51.0 |
          Lair |   7145 |   6022 |   1123 |    666 |   3502 |   5 | 1429.0 |
         Swamp |    670 |    623 |     47 |     18 |    289 |   2 |  335.0 |
    Slime Pits |    114 |     61 |     53 |      0 |      0 |   5 |   22.8 |
  Orcish Mines |   1053 |    953 |    100 |     14 |    654 |   2 |  526.5 |
         Sewer |    194 |    194 |      0 |     24 |     14 |   1 |  194.0 |
        Bailey |    263 |    263 |      0 |     28 |     89 |   1 |  263.0 |
      Ice Cave |    646 |    646 |      0 |     16 |    179 |   1 |  646.0 |
      Gauntlet |    415 |    415 |      0 |      0 |    117 |   1 |  415.0 |
               +--------+--------+--------+--------+--------+-----+--------+

Top non-repeatable levels by time:
  Lair:5: 1808 daAuts
  Lair:3: 1418 daAuts
    D:12: 1406 daAuts
  Lair:2: 1341 daAuts
  Lair:4: 1328 daAuts
    D:10: 1301 daAuts
  Lair:1: 1249 daAuts
    D:14: 1045 daAuts
     D:3: 1036 daAuts
     D:1: 1014 daAuts
     D:4: 944 daAuts
     D:2: 931 daAuts
    D:15: 924 daAuts
    D:11: 878 daAuts
     D:9: 863 daAuts
